 Dungeon Crawl Stone Soup version 0.27.1-1-g398f81649c (webtiles) character file.

Game seed: 5226161379744475334

22 Devinter the Chiller (level 2, 0/25 HPs)
             Began as a Merfolk Ice Elementalist on Sept 10, 2021.
             Was a Follower of Hepliaklqana.
             Slain by Terence (1 damage)
             ... on level 2 of the Dungeon.
             The game lasted 00:09:06 (752 turns).

Devinter the Chiller (Merfolk Ice Elementalist)      Turns: 752, Time: 00:09:07

Health: 0/25       AC: 21    Str:  8    XL:     2   Next: 91%
Magic:  2/5        EV:  2    Int: 14    God:    Hepliaklqana [*.....]
Gold:   78         SH:  0    Dex: 14    Spells: 1/5 levels left

rFire    . . .     SeeInvis .   e - +1 dagger (holy)
rCold    . . .     Faith    .   (no shield)
rNeg     + + +     Spirit   .   (armour currently unavailable)
rPois    +         Reflect  .   (helmet currently unavailable)
rElec    .         Harm     .   (cloak currently unavailable)
rCorr    .         Rampage  .   (gloves currently unavailable)
Will     .....     NoTele   +   (boots currently unavailable)
Stlth    ++........             (no amulet)
HPRegen  0.08/turn              (no ring)
MPRegen  0.09/turn              (no ring)

@: lethally poisoned (0 -> -7), tree-form
A: stationary, stasis, torment immunity, boosted hp, reduced essence, (nimble
swimmer 2), (mertail)
a: Renounce Religion, Recall Ancestor, Ancestor Identity


You were on level 2 of the Dungeon.
You worshipped Hepliaklqana.
Hepliaklqana was aware of your devotion.
You were a tree.
You visited 1 branch of the dungeon, and saw 2 of its levels.

You collected 78 gold pieces.

Inventory:

Hand Weapons
 e - a +1 dagger of holy wrath (weapon)
 l - a +0 dagger of electrocution
Missiles
 j - 15 arrows
Armour
 a - a +0 robe (melded)
Magical Staves
 f - a staff of air
Scrolls
 b - a scroll of brand weapon {unknown}
 c - a scroll of identify {unknown}
 d - a scroll of enchant armour {unknown}
 g - 3 scrolls of teleportation {unknown}
 h - a scroll of immolation {unknown}
 k - a scroll of acquirement {unknown}


   Skills:
 + Level 3.2 Dodging
 + Level 2.8 Stealth
 + Level 2.0 Spellcasting
 + Level 4.7 Ice Magic


You had one spell level left.
You knew the following spells:

 Your Spells              Type           Power      Damage    Failure   Level
a - Freeze                Ice            56%        1d7       3%          1
b - Sting                 Tmut/Pois      4%         1d3       24%         1
c - Poisonous Vapours     Pois/Air       2%         N/A       34%         2

Your spell library contained the following spells:

 Spells                   Type           Power      Damage    Failure   Level
 Frozen Ramparts          Ice            28%        1d4       11%         3
 Ozocubu's Armour         Ice            14%        N/A       11%         3
 Hailstorm                Conj/Ice       8%         3d4       65%         4
 Olgreb's Toxic Radiance  Pois           1%         N/A       93%         4


Dungeon Overview and Level Annotations

Branches:
Dungeon (2/15)

Altars:
Hepliaklqana

Annotations:
D:2 Terence


Innate Abilities, Weirdness & Mutations

You are a tree.
Your roots penetrate the ground, keeping you stationary.
You cannot be teleported.
You are immune to unholy pain and torment.
Your maximum health is greatly increased.
Your equipment is partially melded.
Your life essence is reduced to manifest your ancestor. (-10% HP)
((You are quick and stealthy near water. (Stealth+, EV+, Speed+++)))
((Your lower body shifts to a powerful aquatic tail in water.))


Message History

t - Shout!
Orders for allies: a - Attack new target. p - Attack previous target. r - Retreat! s - Stop attacking. g - Guard the area. f - Follow me.
Anything else - Cancel.
Gang up on whom?
Press: ? - help, Dir - move target, f/p - Terence
Aim: Terence, wielding a +1 flail of venom and wearing a +0 chain mail (ally target) Attack!
Terence hits Spicy with a +1 flail of venom!
Spicy is destroyed!
Your magical contamination has completely faded away.
Terence completely misses you. Terence looks scornfully at you.
Casting: Poisonous Vapours (extremely dangerous; 34% risk of failure)
Confirm with . or Enter, or press ? or * to list all spells.
Aiming: Freeze (safe; 3% risk of failure)
Press: ? - help, Shift-Dir - straight line, f/p - Terence
Aim: Terence, wielding a +1 flail of venom and wearing a +0 chain mail You freeze Terence.
Terence is lightly wounded.
Terence hits you with a +1 flail of venom!
You are lethally poisoned!
* * * LOW HITPOINT WARNING * * *
You feel very sick.
It was a potion of lignification.
You turn into a tree.
Your +0 robe melds into your body.
Your roots penetrate the ground.
* * * LOW HITPOINT WARNING * * *
You feel very sick. Terence hits you but does no damage.
You hit Terence but do no damage.
Terence is lightly wounded.
* * * LOW HITPOINT WARNING * * *
You feel sick. Terence hits you but does no damage.
You barely miss Terence.
Terence is lightly wounded.
* * * LOW HITPOINT WARNING * * *
You feel sick.
Terence hits you with a +1 flail of venom.
You die...

#.# ###+#.#####
#.# #.# #.# #.#
#.# #.# #.# #.#
#.##########.#
#.##.........#
#.##......########
#♣##..............
#.@...............
####..............
#..............
#.....)........
#..............
#..............
#..............
#..............


You could see Terence.

Vanquished Creatures
  An endoplasm (D:1)
  A giant cockroach (D:2)
  3 goblins (D:1)
  3 hobgoblins
  A quokka (D:1)
  4 ball pythons
  4 bats
  2 frilled lizards (D:1)
  3 kobolds
22 creatures vanquished.

Vanquished Creatures (others)
  An ancestor (D:2)
1 creature vanquished.

Grand Total: 23 creatures vanquished

Notes
Turn   | Place    | Note
-------+----------+-------------------------------------------
     0 | D:1      | Devinter the Merfolk Ice Elementalist began the quest for
                  | the Orb.
     0 | D:1      | Reached XP level 1. HP: 13/13 MP: 3/3
   159 | D:1      | Reached skill level 3 in Dodging
   162 | D:1      | Reached XP level 2. HP: 18/19 MP: 1/5
   198 | D:1      | Learned a level 1 spell: Sting
   201 | D:1      | Learned a level 2 spell: Poisonous Vapours
   452 | D:1      | Found a faded altar of an unknown god.
   455 | D:1      | Became a worshipper of Hepliaklqana the Forgotten
   455 | D:1      | Reached * piety under Hepliaklqana
   714 | D:2      | Noticed Terence
   752 | D:2      | HP: 1/25 [poisoned by Terence]
   752 | D:2      | Slain by Terence

Illustrated notes

Levels and vault maps discovered:
D:1:      psy_arrival_basics, layout_rooms,
          shapermc_ecumenical_altar_mp_vishouse
D:2:      layout_basic, lemuel_old_faithful, uniq_terence,
          uniq_crazy_yiuf_cottage

Skill      XL: |  1 |
---------------+----+-----
Dodging        | 3 |  3.2
Stealth        | |  2.8
Spellcasting   | |  2.0
Ice Magic      | |  4.7

Action                   || total
-------------------------++-------
Melee: Unarmed           ||     2
       Dagger            ||    12
 Cast: Freeze            ||    25
       Poisonous Vapours ||     1
Invok: Ancestor Identity ||     1
  Use: Potion            ||     1
 Stab: Sleeping          ||     2
Armor: Robe              ||     3
       Skin              ||     2
Dodge: Dodged            ||    25
